EL
TRENTON THUNDER @ MIDLAND ROCKHOUNDS
04/27/2044
 
TOP OF THE 1ST
Trenton Thunder batting - Pitching for Midland RockHounds : RHP Ace Gaskins
Pitching: RHP Ace Gaskins
Batting: LHB Frank Mullen 0-0: Foul Ball, location: 2F
0-1: Foul Ball, location: 2F
0-2: Ground out 4-3 (Groundball, 34, EV 96.9 MPH)
Batting: LHB Matt Steinke 0-0: Ball
1-0: Called Strike
1-1: Fly out, F9 (Flyball, 9LS, EV 91.9 MPH)
Batting: RHB Jeremy Lewis 0-0: Called Strike
0-1: Foul Ball, location: 2F
0-2: Strikes out swinging
Top of the 1st over - 0 runs, 0 hits, 0 errors, 0 left on base; Trenton 0 - Midland 0
BOTTOM OF THE 1ST
Midland RockHounds batting - Pitching for Trenton Thunder : RHP Katsuyoshi Yoshikawa
Pitching: RHP Katsuyoshi Yoshikawa
Batting: RHB Willie de los Santos 0-0: Foul Ball, location: 2F
0-1: Ball
1-1: Ball
2-1: Ball
3-1: Ground out 6-3 (Groundball, 6S, EV 90.0 MPH)
Batting: RHB Mario Ramos 0-0: Ball
1-0: Called Strike
1-1: Ball
2-1: SINGLE (Flyball, 8RS, EV 92.5 MPH)
Batting: LHB Chance Stever 0-0: Ball
Mario Ramos steals 2nd base
1-0: Foul Ball, location: 2F
1-1: Called Strike
1-2: Ball
2-2: Fly out, F7 (Flyball, 7, EV 93.1 MPH)
Runner from 2nd tags up, OUT at 3rd! 7-5
Bottom of the 1st over - 0 runs, 1 hit, 0 errors, 0 left on base; Trenton 0 - Midland 0
TOP OF THE 2ND
Trenton Thunder batting - Pitching for Midland RockHounds : RHP Ace Gaskins
Batting: SHB Cristiano Serrão 0-0: Ball
1-0: Called Strike
1-1: Ball
2-1: Called Strike
2-2: SINGLE (Groundball, 4MS, EV 73.1 MPH) (infield hit)
Batting: RHB Ryan Alban 0-0: Ball
1-0: Called Strike
1-1: Foul Ball, location: 2F
1-2: Ball
2-2: Ball
3-2: 2-RUN HOME RUN (Flyball, 7LD, EV 95.0 MPH), Distance : 358 ft
Batting: LHB Ryan Rodgers 0-0: Fly out, F7 (Flyball, 7, EV 80.6 MPH)
Batting: RHB Jeremy Hathcock 0-0: Ball
1-0: Called Strike
1-1: SINGLE (Groundball, 4MS, EV 73.1 MPH) (infield hit)
Batting: SHB Roberto Castaneda 0-0: Ball
1-0: Foul Ball, location: 2F
1-1: Ball
Jeremy Hathcock steals 2nd base
2-1: Ball
3-1: Foul Ball, location: 2F
3-2: Ground out 6-3 (Groundball, 4MS, EV 91.9 MPH)
Jeremy Hathcock to third
Batting: RHB Stu Rancourt 0-0: Called Strike
0-1: Ball
1-1: Called Strike
1-2: Ball
2-2: Ball
3-2: Fly out, F9 (Flyball, 9D, EV 108.8 MPH)
Top of the 2nd over - 2 runs, 3 hits, 0 errors, 1 left on base; Trenton 2 - Midland 0
BOTTOM OF THE 2ND
Midland RockHounds batting - Pitching for Trenton Thunder : RHP Katsuyoshi Yoshikawa
Batting: SHB Quincy Bradford 0-0: Called Strike
0-1: Ball
1-1: Foul Ball, location: 2F
1-2: Strikes out swinging
Batting: RHB Chris Montgomery 0-0: Called Strike
0-1: Called Strike
0-2: Ball
1-2: Foul Ball, location: 2F
1-2: Foul Ball, location: 2F
1-2: Ball
2-2: Foul Ball, location: 2F
2-2: Fly out, F7 (Flyball, 7, EV 87.5 MPH)
Batting: SHB John Cummings 0-0: Ball
1-0: Foul Ball, location: 2F
1-1: Ball
2-1: SINGLE (Line Drive, 56, EV 104.4 MPH)
Batting: RHB Bastiaan Leenders 0-0: Ball
1-0: Foul Ball, location: 2F
1-1: Foul Ball, location: 2F
1-2: Ball
2-2: Ground out 4-3 (Groundball, 4, EV 88.1 MPH)
Bottom of the 2nd over - 0 runs, 1 hit, 0 errors, 1 left on base; Trenton 2 - Midland 0
TOP OF THE 3RD
Trenton Thunder batting - Pitching for Midland RockHounds : RHP Ace Gaskins
Batting: LHB Frank Mullen 0-0: Ball
1-0: Ball
2-0: Ball
3-0: Base on Balls
Batting: LHB Matt Steinke 0-0: Called Strike
0-1: Ball
1-1: Swinging Strike
1-2: Foul Ball, location: 2F
1-2: Strikes out looking
Batting: RHB Jeremy Lewis 0-0: 2-RUN HOME RUN (Flyball, 7D, EV 98.8 MPH), Distance : 382 ft
Batting: SHB Cristiano Serrão 0-0: Called Strike
0-1: Ball
1-1: Ball
2-1: Ground out U3 (Groundball, 34, EV 83.8 MPH)
Batting: RHB Ryan Alban 0-0: Ball
1-0: Ball
2-0: Swinging Strike
2-1: SINGLE (Groundball, 4MD, EV 105.0 MPH)
Batting: LHB Ryan Rodgers 0-0: Ball
Ryan Alban is caught stealing 2nd base 2-6
Top of the 3rd over - 2 runs, 2 hits, 0 errors, 0 left on base; Trenton 4 - Midland 0
BOTTOM OF THE 3RD
Midland RockHounds batting - Pitching for Trenton Thunder : RHP Katsuyoshi Yoshikawa
Batting: RHB D.J. Torres 0-0: Foul Ball, location: 2F
0-1: Foul Ball, location: 2F
0-2: Ground out 5-3 (Groundball, 56S, EV 79.4 MPH)
Batting: RHB Edgar Landim 0-0: Foul Ball, location: 2F
0-1: Called Strike
0-2: Strikes out swinging
Batting: RHB Willie de los Santos 0-0: Swinging Strike
0-1: Foul Ball, location: 2F
0-2: Ball
1-2: Ground out 5-3 (Groundball, 5, EV 83.8 MPH)
Bottom of the 3rd over - 0 runs, 0 hits, 0 errors, 0 left on base; Trenton 4 - Midland 0
TOP OF THE 4TH
Trenton Thunder batting - Pitching for Midland RockHounds : RHP Ace Gaskins
Batting: LHB Ryan Rodgers 0-0: Ball
1-0: Swinging Strike
1-1: Ball
2-1: Foul Ball, location: 2F
2-2: Foul Ball, location: 2F
2-2: Foul Ball, location: 2F
2-2: Foul Ball, location: 2F
2-2: Ball
3-2: SINGLE (Flyball, 56D, EV 84.4 MPH)
Batting: RHB Jeremy Hathcock 0-0: Ball
1-0: Called Strike
1-1: SINGLE (Groundball, 25, EV 71.9 MPH) (infield hit)
Ryan Rodgers to second
Batting: SHB Roberto Castaneda 0-0: Ball
1-0: Swinging Strike
1-1: Swinging Strike
1-2: Strikes out looking
Batting: RHB Stu Rancourt 0-0: Foul Ball, location: 2F
0-1: Fly out, F8 (Flyball, 8LD, EV 90.6 MPH)
Runner from 2nd tags up, OUT at 3rd! 8-5
Top of the 4th over - 0 runs, 2 hits, 0 errors, 1 left on base; Trenton 4 - Midland 0
BOTTOM OF THE 4TH
Midland RockHounds batting - Pitching for Trenton Thunder : RHP Katsuyoshi Yoshikawa
Batting: RHB Mario Ramos 0-0: Called Strike
0-1: Called Strike
0-2: Ball
1-2: Foul Ball, location: 2F
1-2: SINGLE (Groundball, 6D, EV 103.1 MPH)
Batting: LHB Chance Stever 0-0: Called Strike
0-1: Swinging Strike
0-2: Ball
1-2: Foul Ball, location: 2F
1-2: Strikes out swinging
Batting: SHB Quincy Bradford 0-0: Called Strike
0-1: Foul Ball, location: 2F
0-2: Strikes out swinging
Batting: RHB Chris Montgomery 0-0: Called Strike
Mario Ramos steals 2nd base (no throw)
0-1: Swinging Strike
0-2: Ball
Wild Pitch!
Mario Ramos to third
1-2: Fly out, F5 (Line Drive, 5, EV 66.3 MPH)
Bottom of the 4th over - 0 runs, 1 hit, 0 errors, 1 left on base; Trenton 4 - Midland 0
TOP OF THE 5TH
Trenton Thunder batting - Pitching for Midland RockHounds : RHP Ace Gaskins
Batting: LHB Frank Mullen 0-0: Ball
1-0: Foul Ball, location: 2F
1-1: Ball
2-1: Ground out 4-3 (Groundball, 4S, EV 77.5 MPH)
Batting: LHB Matt Steinke 0-0: Ground out 6-3 (Groundball, 6, EV 84.4 MPH)
Batting: RHB Jeremy Lewis 0-0: Ball
1-0: Called Strike
1-1: SOLO HOME RUN (Flyball, 7LD, EV 94.4 MPH), Distance : 336 ft
Pitching: LHP Jin-ho Koo
Batting: SHB Cristiano Serrão 0-0: Called Strike
0-1: Called Strike
0-2: Foul Ball, location: 2F
0-2: Ball
1-2: Ball
2-2: Ball
3-2: SINGLE (Groundball, 6MD, EV 102.5 MPH)
Batting: RHB Ryan Alban 0-0: Ball
1-0: Foul Ball, location: 2F
1-1: Called Strike
Cristiano Serrão steals 2nd base
1-2: Ball
2-2: SINGLE (Line Drive, 89S, EV 110.6 MPH)
Cristiano Serrão to third
Batting: LHB Ryan Rodgers 0-0: Ball
1-0: Ball
2-0: Ball
3-0: Base on Balls
Ryan Alban to second
Batting: RHB Jeremy Hathcock 0-0: Ball
1-0: Foul Ball, location: 2F
1-1: Swinging Strike
1-2: Foul Ball, location: 2F
1-2: Ground out 4-3 (Groundball, 4S, EV 87.5 MPH)
Top of the 5th over - 1 run, 3 hits, 0 errors, 3 left on base; Trenton 5 - Midland 0
BOTTOM OF THE 5TH
Midland RockHounds batting - Pitching for Trenton Thunder : RHP Katsuyoshi Yoshikawa
Batting: SHB John Cummings 0-0: Ball
1-0: Ground out 6-3 (Groundball, 4S, EV 81.9 MPH)
Batting: RHB Bastiaan Leenders 0-0: Called Strike
0-1: Ground out 4-3 (Groundball, 4, EV 81.3 MPH)
Batting: RHB D.J. Torres 0-0: Ball
1-0: Foul Ball, location: 2F
1-1: Foul Ball, location: 2F
1-2: Ball
2-2: Ground out 5-3 (Groundball, 56, EV 80.0 MPH)
Bottom of the 5th over - 0 runs, 0 hits, 0 errors, 0 left on base; Trenton 5 - Midland 0
TOP OF THE 6TH
Trenton Thunder batting - Pitching for Midland RockHounds : LHP Jin-ho Koo
Batting: SHB Roberto Castaneda 0-0: Ball
1-0: Swinging Strike
1-1: Ball
2-1: Swinging Strike
2-2: Foul Ball, location: 2F
2-2: Ball
3-2: Fly out, F6 (Line Drive, 6, EV 66.3 MPH)
Batting: RHB Stu Rancourt 0-0: Swinging Strike
0-1: Ball
1-1: Foul Ball, location: 2F
1-2: Foul Ball, location: 2F
1-2: Foul Ball, location: 2F
1-2: Ground out 6-3 (Groundball, P, EV 82.5 MPH)
Pitching: RHP Roberto Montoya
Batting: LHB Frank Mullen 0-0: Called Strike
0-1: Swinging Strike
0-2: Ball
1-2: Ball
2-2: Ball
3-2: Fly out, F4 (Popup, 4, EV 66.3 MPH)
Top of the 6th over - 0 runs, 0 hits, 0 errors, 0 left on base; Trenton 5 - Midland 0
BOTTOM OF THE 6TH
Midland RockHounds batting - Pitching for Trenton Thunder : RHP Katsuyoshi Yoshikawa
Batting: RHB Edgar Landim 0-0: Fly out, F8 (Flyball, 8RM, EV 86.3 MPH)
Batting: RHB Willie de los Santos 0-0: Called Strike
0-1: Ball
1-1: Ball
2-1: DOUBLE (Line Drive, 89XD, EV 111.9 MPH)
Batting: RHB Mario Ramos 0-0: Called Strike
0-1: Ball
1-1: Swinging Strike
1-2: Ball
2-2: Ball
3-2: Foul Ball, location: 2F
3-2: Foul Ball, location: 2F
3-2: Base on Balls
Batting: LHB Chance Stever 0-0: Ball
1-0: Fielders Choice at 2nd, 5-4 (Groundball, 56S, EV 85.6 MPH)
Willie de los Santos to third
Batting: SHB Quincy Bradford 0-0: Swinging Strike
0-1: Ball
1-1: Ball
2-1: Fly out, F8 (Flyball, 8RD, EV 105.0 MPH)
Bottom of the 6th over - 0 runs, 1 hit, 0 errors, 2 left on base; Trenton 5 - Midland 0
TOP OF THE 7TH
Trenton Thunder batting - Pitching for Midland RockHounds : RHP Roberto Montoya
Batting: LHB Matt Steinke 0-0: Called Strike
0-1: Foul Ball, location: 2F
0-2: Ball
1-2: Ball
2-2: Ground out 1-3 (Groundball, 34S, EV 68.8 MPH)
Batting: RHB Jeremy Lewis 0-0: Called Strike
0-1: Foul Ball, location: 2F
0-2: Ball
1-2: Ball
2-2: Strikes out swinging
Batting: SHB Cristiano Serrão 0-0: Called Strike
0-1: Swinging Strike
0-2: Strikes out swinging
Top of the 7th over - 0 runs, 0 hits, 0 errors, 0 left on base; Trenton 5 - Midland 0
BOTTOM OF THE 7TH
Midland RockHounds batting - Pitching for Trenton Thunder : RHP Katsuyoshi Yoshikawa
Batting: RHB Chris Montgomery 0-0: Called Strike
0-1: Swinging Strike
0-2: Strikes out swinging
Batting: SHB John Cummings 0-0: Ball
1-0: Foul Ball, location: 2F
1-1: Called Strike
1-2: Foul Ball, location: 2F
1-2: Foul Ball, location: 2F
1-2: Ground out 4-3 (Groundball, 34D, EV 102.5 MPH)
Batting: RHB Bastiaan Leenders 0-0: Called Strike
0-1: Swinging Strike
0-2: Ball
1-2: Foul Ball, location: 2F
1-2: Foul Ball, location: 2F
1-2: Ball
2-2: Ball
3-2: SINGLE (Groundball, 4M, EV 103.1 MPH) (infield hit)
Pitching: LHP Travis Lowy
Batting: RHB D.J. Torres 0-0: Called Strike
0-1: Ball
1-1: SINGLE (Groundball, 4MD, EV 109.4 MPH)
Bastiaan Leenders to second
Runner from 2nd tries for 3rd, SAFE, throw by CF made to third
Batting: RHB Edgar Landim 0-0: Called Strike
0-1: Fly out, F7 (Flyball, 7, EV 93.8 MPH)
Bottom of the 7th over - 0 runs, 2 hits, 0 errors, 2 left on base; Trenton 5 - Midland 0
TOP OF THE 8TH
Trenton Thunder batting - Pitching for Midland RockHounds : RHP Roberto Montoya
Batting: RHB Ryan Alban 0-0: Ball
1-0: Fly out, F9 (Flyball, 89S, EV 76.9 MPH)
Batting: LHB Ryan Rodgers 0-0: Called Strike
0-1: Fly out, F6 (Popup, 6, EV 83.1 MPH)
Batting: RHB Jeremy Hathcock 0-0: Foul Ball, location: 2F
0-1: Ball
1-1: Ball
2-1: SINGLE (Groundball, 56D, EV 102.5 MPH)
Batting: SHB Roberto Castaneda 0-0: Ball
1-0: Ball
2-0: Called Strike
2-1: Foul Ball, location: 2F
2-2: Fly out, F6 (Line Drive, 6, EV 63.1 MPH)
Top of the 8th over - 0 runs, 1 hit, 0 errors, 1 left on base; Trenton 5 - Midland 0
BOTTOM OF THE 8TH
Midland RockHounds batting - Pitching for Trenton Thunder : LHP Travis Lowy
Batting: RHB Willie de los Santos 0-0: SINGLE (Groundball, 56S, EV 72.5 MPH) (infield hit)
Batting: RHB Mario Ramos 0-0: Called Strike
0-1: Foul Ball, location: 2F
0-2: Fielders Choice at 2nd, 5-4 (Groundball, 56S, EV 85.0 MPH)
Batting: LHB Chance Stever 0-0: Ball
1-0: DOUBLE (Flyball, 8LXD, EV 105.6 MPH)
Mario Ramos to third
Batting: SHB Quincy Bradford 0-0: Swinging Strike
0-1: Ball
1-1: Swinging Strike
1-2: Ball
2-2: Ball
3-2: Strikes out swinging
Batting: RHB Chris Montgomery 0-0: Called Strike
0-1: Ball
1-1: Swinging Strike
1-2: Ball
2-2: Foul Ball, location: 2F
2-2: Ball
3-2: Base on Balls
Batting: SHB John Cummings 0-0: Called Strike
0-1: Called Strike
0-2: Ball
1-2: Strikes out swinging
Bottom of the 8th over - 0 runs, 2 hits, 0 errors, 3 left on base; Trenton 5 - Midland 0
TOP OF THE 9TH
Trenton Thunder batting - Pitching for Midland RockHounds : RHP Roberto Montoya
Batting: RHB Stu Rancourt 0-0: Ball
1-0: Ball
2-0: SINGLE (Groundball, 6MD, EV 97.5 MPH)
Pitching: RHP Dave Quintero
Batting: LHB Frank Mullen 0-0: Called Strike
0-1: Ball
1-1: Ball
2-1: Called Strike
2-2: Ball
3-2: Ground out 4-3 (Groundball, 34, EV 98.8 MPH)
Stu Rancourt to second
Batting: LHB Matt Steinke 0-0: Ball
1-0: Ground out 5-3 (Groundball, 56, EV 83.1 MPH)
Batting: RHB Jeremy Lewis 0-0: Fly out, F5 (Line Drive, 5, EV 70.6 MPH)
Top of the 9th over - 0 runs, 1 hit, 0 errors, 1 left on base; Trenton 5 - Midland 0
BOTTOM OF THE 9TH
Midland RockHounds batting - Pitching for Trenton Thunder : LHP Travis Lowy
Batting: RHB Bastiaan Leenders 0-0: Ball
1-0: Foul Ball, location: 2F
1-1: Foul Ball, location: 2F
1-2: Foul Ball, location: 2F
1-2: Foul Ball, location: 2F
1-2: Ball
2-2: Ground out U3 (Groundball, 3, EV 93.8 MPH)
Batting: RHB D.J. Torres 0-0: Ball
1-0: Foul Ball, location: 2F
1-1: Called Strike
1-2: Strikes out swinging
Batting: RHB Edgar Landim 0-0: Ball
1-0: Ball
2-0: Called Strike
2-1: Ground out 6-3 (Groundball, 6S, EV 63.1 MPH)
Bottom of the 9th over - 0 runs, 0 hits, 0 errors, 0 left on base; Trenton 5 - Midland 0
Thursday, March 31st , 2022 - OOTP Baseball 22.12 Build 89